 Dungeon Crawl Stone Soup version 0.28-a0-1555-g9ae15a6949 (webtiles) character file.

Game seed: 3833631105636278418

14 HallandMoats the Skirmisher (level 2, -1/26 HPs)
             Began as a Ghoul Monk on Jan 19, 2022.
             Was an Initiate of Yredelemnul.
             Slain by Natasha (8 damage)
             ... on level 2 of the Dungeon.
             The game lasted 00:01:17 (1062 turns).

HallandMoats the Skirmisher (Ghoul Monk)            Turns: 1062, Time: 00:01:18

Health: -1/26      AC:  6    Str: 14    XL:     2   Next: 45%
Magic:  1/1        EV: 11    Int:  5    God:    Yredelemnul [......]
Gold:   34         SH:  0    Dex: 11    Spells: 1/1 levels left

rFire   . . .      SeeInvis .   a - +0 falchion
rCold   + . .      Faith    .   (no shield)
rNeg    + + +      Spirit   .   g - +0 ring mail
rPois   ∞          Reflect  .   f - +0 helmet
rElec   .          Harm     .   (no cloak)
rCorr   .          Rampage  .   (no gloves)
Will    .....                   (no boots)
Stlth   +.........              (no amulet)
HPRegen 0.00/turn               (no ring)
MPRegen 0.07/turn               (no ring)

@: inhibited regen
A: claws 1, cold resistance 1, negative energy resistance 3, inhibited
regeneration, torment resistance 2
a: Renounce Religion, Recall Undead Harvest


You were on level 2 of the Dungeon.
You worshipped Yredelemnul.
Yredelemnul was noncommittal.
You visited 1 branch of the dungeon, and saw 2 of its levels.

You collected 34 gold pieces.

Inventory:

Hand Weapons
 a - a +0 falchion (weapon)
Armour
 f - a +0 helmet (worn)
 g - a +0 ring mail (worn)
Scrolls
 b - a scroll of teleportation {unknown}
 c - a scroll of identify {unknown}
 e - a scroll of magic mapping {unknown}
Potions
 d - a potion of curing {unknown}


   Skills:
 + Level 3.4 Fighting
 * Level 3.0 Long Blades
 + Level 0.5 Armour
 + Level 2.8 Dodging
 - Level 2.1 Stealth


You had one spell level left.
You didn't know any spells.
Your spell library was empty.

Dungeon Overview and Level Annotations

Branches:
Dungeon (2/15)

Altars:
Yredelemnul

Annotations:
D:2 Natasha


Innate Abilities, Weirdness & Mutations

You thrive by killing the living.
You are immune to poison.
You have sharp fingernails.
Your flesh is cold resistant. (rC+)
You are immune to negative energy. (rN+++)
You do not regenerate when monsters are visible.
You are immune to unholy pain and torment.


Message History

The goblin dies!
(D) Dungeon
Where to? (Enter - D:1 @ (x,y), ? - help)
What level of the Dungeon? (default 1, ? - help)
There is an open door here.
There is a stone staircase leading down here.
You climb downwards.
Your mindless puppet stays behind to rot.
There is a stone staircase leading up here.
There is a stone staircase leading up here.
As you open the door, it creaks loudly!
Natasha, Servant of Life and Death comes into view.
Natasha hisses angrily.
Found a large ivory ring.
Natasha mumbles some strange words.
There is an open door here.
Natasha casts a spell at you.
You feel yourself slow down.
Found a short sword.
Natasha claws you. The shadow imp hits you. Natasha closely misses you.
The shadow imp misses you. Natasha claws you but does no damage.
The shadow imp hits you. Natasha claws you. The shadow imp hits you.
You see here a ring of positive energy.
Natasha claws you. Natasha claws you! The shadow imp barely misses you.
You see here a +0 short sword.
The shadow imp hits you.
* * * LOW HITPOINT WARNING * * *
You feel yourself speed up.
Natasha mumbles some strange words.
The crimson imp blinks!
The shadow imp disappears in a puff of smoke!
Natasha barely misses you.
You closely miss Natasha. You claw Natasha, but do no damage.
Natasha stares at you and mumbles some strange words.
You resist with significant effort. Natasha claws you!
You die...
Yredelemnul claims you as an undead slave.

### # ..# #+## #.
#.###...## #.####
#.##.....## ## #.#.##
#.#.......##
#.###...###..........#
#.#.@...)..=........+
#.#h..###..........#
#.........#.......#
#####5######.....##
#.# ##...## #.# ##'##
#.# #.# #.# #.# #.#
##.##


You could see Natasha and a crimson imp (summoned).

Vanquished Creatures
  A dart slug (D:1)
  A bat (D:1)
  3 hobgoblins (D:1)
  2 kobolds (D:1)
  2 ball pythons (D:1)
  A goblin (D:1)
10 creatures vanquished.

Vanquished Creatures (collateral kills)
  A goblin (D:1)
1 creature vanquished.

Grand Total: 11 creatures vanquished

Notes
Turn   | Place    | Note
-------+----------+-------------------------------------------
     0 | D:1      | HallandMoats the Ghoul Monk began the quest for the Orb.
     0 | D:1      | Reached XP level 1. HP: 19/19 MP: 0/0
   607 | D:1      | Reached XP level 2. HP: 25/26 MP: 1/1
   789 | D:1      | Found a faded altar of an unknown god.
   815 | D:1      | You fall into a shaft and drop 1 floor!
   959 | D:1      | Prayed at the altar of an unknown god.
   959 | D:1      | Became a worshipper of Yredelemnul the Dark
   959 | D:1      | Reached * piety under Yredelemnul
  1044 | D:2      | Noticed Natasha
  1057 | D:2      | Noticed a crimson imp
  1062 | D:2      | Slain by Natasha

Illustrated notes

Levels and vault maps discovered:
D:1:      dpeg_chamrin_arrival_tetris, layout_basic,
          hellmonk_ecumenical_altar_inner_sanctum, hangedman_feature_mirror
D:2:      layout_loops_corners, uniq_natasha

Skill      XL: |  1  2 |
---------------+-------+-----
Long Blades    | 3 |  3.0
Fighting       | |  3.4
Armour         | |  0.5
Dodging        | |  2.8
Stealth        | |  2.1

Action                   || total
-------------------------++-------
Melee: Falchion          ||    29
       Punch             ||     1
 Stab: Sleeping          ||     2
Armor: Robe              ||     9
       Ring mail         ||     4
Dodge: Dodged            ||    19

Table legend: (Time is in decaauts)
 A = Elapsed time spent in this place.
 B = Non-inter-level travel time spent in this place.
 C = Inter-level travel time spent in this place.
 D = Time resting spent in this place.
 E = Time spent auto-exploring this place.
 F = Levels seen in this place.
 G = Mean time per level.
                   A        B        C        D        E       F      G
               +--------+--------+--------+--------+--------+-----+--------+
         Total |   1072 |    978 |     94 |      0 |    801 |   2 |  536.0 |
       Dungeon |   1072 |    978 |     94 |      0 |    801 |   2 |  536.0 |
               +--------+--------+--------+--------+--------+-----+--------+

Top non-repeatable levels by time:
     D:1: 1025 daAuts
     D:2: 46 daAuts
